 Dungeon Crawl Stone Soup version 0.17-a0-1-g1f4be75 (webtiles) character file.

3391 Gronka the Blocker (level 10, -27/77 HPs)
             Began as a Human Fighter on Mar 4, 2015.
             Was a Priest of Nemelex Xobeh.
             Annihilated by Gastronok the shard shrike (42 damage)
             ... on level 8 of the Dungeon.
             The game lasted 00:25:27 (6721 turns).

Gronka the Blocker (Human Fighter)                  Turns: 6721, Time: 00:25:36

Health: -27/77     AC: 22    Str: 21    XL:     10   Next: 24%
Magic:  0/11       EV:  8    Int:  9    God:    Nemelex Xobeh [***...]
Gold:   390        SH: 12    Dex: 13    Spells: 0 memorised, 9 levels left

rFire  . . .     SeeInvis .     D - +2 long sword
rCold  . . .     Clarity  .     h - +0 chain mail
rNeg   . . .     SustAb   .     c - +1 shield
rPois  .         Gourm    .     (no helmet)
rElec  .         Spirit   +     N - +2 cloak
rCorr  .         Warding  .     y - +1 pair of gloves
rMut   .         Stasis   .     u - +1 pair of boots
MR     .....                    w - amulet of guardian spirit
Stlth  ..........               J - +4 ring of protection
                                n - +2 ring of strength

@: slowed, very slow, not resistant to hostile enchantments, extremely
unstealthy
A: no striking features
a: Triple Draw, Renounce Religion


You were on level 8 of the Dungeon.
You worshipped Nemelex Xobeh.
Nemelex Xobeh was most pleased with you.
You were hungry.

You visited 2 branches of the dungeon, and saw 9 of its levels.

You collected 390 gold pieces.

Inventory:

Hand weapons
 a - a +1 long sword
 x - a +0 falchion
 C - the +8 dire flail "Impbane" {crush, rElec rN++ MR+, unknown}
   (You found it on level 4 of the Dungeon)

   It inflicts extra damage upon your enemies.
   It insulates you from electricity.
   It greatly protects you from negative energy.
   It affects your resistance to hostile enchantments.
 D - a +2 long sword (weapon)
 O - a +0 rapier
 V - a +0 scimitar
Armour
 b - a +0 scale mail
 c - a +1 shield (worn)
 h - a +0 chain mail (worn)
 u - a +1 pair of boots (worn)
 v - a +0 cloak
 y - a +1 pair of gloves (worn)
 N - a +2 cloak (worn)
Jewellery
 j - an uncursed amulet of clarity
 l - an uncursed amulet of warding
 n - a +2 ring of strength (left hand)
 p - a cursed ring of wizardry
 w - an amulet of guardian spirit (around neck)
 J - a +4 ring of protection (right hand)
 U - an uncursed ring of protection from cold {unknown}
Magical devices
 r - a wand of fire (0)
 P - a wand of fire (3)
Scrolls
 i - 3 scrolls of teleportation
 q - 3 scrolls of remove curse
 s - 2 scrolls of blinking
 E - 5 scrolls of identify
 F - a scroll of enchant weapon
 H - a scroll of amnesia {unknown}
 I - a scroll of magic mapping {unknown}
 L - a scroll of acquirement {unknown}
 Q - a scroll of silence {unknown}
Potions
 d - a potion of cure mutation
 e - 2 potions of might
 f - a potion of agility {unknown}
 g - a potion of cancellation
 k - 3 potions of haste {unknown}
 A - a potion of mutation {unknown}
 G - 2 potions of invisibility {unknown}
 S - a potion of beneficial mutation {unknown}
Books
 t - a book of Enchantments

   Spells                             Type                      Level
   a - Tukima's Dance                 Hexes                        3
   b - Cause Fear                     Hexes                        4
   c - Silence                        Hexes/Air                    5
   d - Deflect Missiles               Charms/Air                   6
   e - Haste                          Charms                       6
   f - Discord                        Hexes                        8
Miscellaneous
 o - a plain deck of destruction {drawn: 2}
 K - a plain deck of war {drawn: 2}
 R - a plain deck of war
Comestibles
 z - 2 fruits
 B - 5 bread rations
 M - 2 meat rations
 T - a slice of pizza


   Skills:
 + Level 6.3 Fighting
 + Level 6.4 Long Blades
 + Level 6.4 Armour
 + Level 4.8 Dodging
 + Level 0.4 Stealth
 + Level 8.5 Shields
 + Level 1.0 Evocations


You had 9 spell levels left.
You didn't know any spells.

Dungeon Overview and Level Annotations

Branches:
Dungeon (8/15)             Temple (1/1) D:4
   Lair: D:8-11

Altars:
Ashenzari
Cheibriados
Dithmenos
Elyvilon
Fedhas
Gozag
Kikubaaqudgha
Makhleb
Nemelex Xobeh
Okawaru
Qazlal
Ru
Sif Muna
Trog
Xom
Zin
The Shining One

Shops:
D:4 !

Annotations:
D:8 Gastronok


Message History

Drink which item? (? for menu, Esc to quit)
Okay, then.
You draw a card...
It is the Orb.
You have drawn the Orb.
Press: ? - help, Shift-Dir - straight line, f - Gastronok
Aim: Gastronok, wearing a runed hat (severely wounded)
The orb of energy hits Gastronok.
Gastronok is severely wounded.
Gastronok's eyestalks quiver as he mumbles some strange words.
You feel a sudden urge to swivel your nonexistent eyestalks around.
You draw a card...
It is Degeneration.
Gastronok evaporates and reforms as a shard shrike!
Gastronok twists and deforms.
Gastronok barely misses you.
Gastronok caws.
Gastronok claws you!
* * * LOW HITPOINT WARNING * * *
Gastronok freezes you!!!
Ouch! That really hurt!
You die...
Your body disappears without a glow.

##...###.###.##[###
##.....## #.##...##
##.......# #.......##
##..........###........#
.'.....................#
##..........###........#
###.......#..$........##
.###.....#######.#...##
..###...# #@#####
..####+### #b#
.........# #.#
..####.#.# #.# #.# #.#.
#.# #.# #.... #.#
#.##.5.... ..#
#........# ###
#..##..#.#


You could see Gastronok the shard shrike.

Vanquished Creatures
  Pikel (D:5)
  Joseph (D:7)
  A hippogriff (D:7)
  Menkaure (D:7)
  2 slaves (D:5)
  A phantom (D:4)
  3 ogres
  An ice beast (D:6)
  An orc warrior (D:7)
  A centaur (D:6)
  5 giant frogs
  A big kobold (D:7)
  2 scorpions
  2 goliath beetles (D:6)
  4 wights (D:8)
  3 orc priests
  Crazy Yiuf (D:5)
  A crimson imp (D:8)
  2 centaur skeletons
  An iguana (D:5)
  2 hounds
  6 orc wizards
  4 worker ants
  Ijyb (D:7)
  9 adders
  3 gnolls (D:7)
  3 shadow imps (D:5)
  A giant mite (D:5)
  A worm (D:5)
  An adder skeleton (D:6)
  An adder zombie (D:6)
  2 oozes
  24 orcs
  17 bats
  A bat skeleton (D:7)
  4 giant cockroaches
  11 goblins
  16 hobgoblins
  5 jackals
  6 quokkas
  2 ball pythons
  A ball python skeleton (D:4)
  3 giant geckos
  5 giant newts
  18 kobolds
  A quokka skeleton (D:6)
  5 rats
188 creatures vanquished.

Vanquished Creatures (collateral kills)
  Prince Ribbit (D:6)
  A big kobold (D:7)
  Blork the orc (D:7)
  An orc wizard (D:6)
  An adder skeleton (D:6)
  2 orcs (D:6)
  4 kobolds (D:7)
  A bush (D:7)
12 creatures vanquished.

Vanquished Creatures (others)
  A dancing weapon (D:6)
  An ogre (D:5)
  A giant cockroach (D:5)
  A bat (D:5)
  A rat (D:5)
5 creatures vanquished.

Grand Total: 205 creatures vanquished

Notes
Turn   | Place    | Note
--------------------------------------------------------------
     0 | D:1      | Gronka, the Human Fighter, began the quest for the Orb.
     0 | D:1      | Reached XP level 1. HP: 18/18 MP: 1/1
   125 | D:1      | Reached XP level 2. HP: 24/24 MP: 2/2
   759 | D:2      | Reached XP level 3. HP: 29/29 MP: 3/3
  1220 | D:2      | Reached skill level 1 in Dodging
  1220 | D:2      | Reached XP level 4. HP: 26/35 MP: 4/4
  1429 | D:3      | Reached skill level 4 in Shields
  1838 | D:3      | Reached XP level 5. HP: 39/41 MP: 5/5
  1879 | D:3      | Found a shadowy altar of Dithmenos.
  2441 | D:4      | Got a pitted dire flail
  2449 | D:4      | Reached XP level 6. HP: 37/48 MP: 4/6
  2527 | D:4      | Found a staircase to the Ecumenical Temple.
  2549 | Temple   | Entered the Ecumenical Temple
  2586 | Temple   | Became a worshipper of Nemelex Xobeh the Trickster
  2721 | D:4      | Received a gift from Nemelex Xobeh
  2868 | D:4      | Found Kluipt's Distillery.
  3104 | D:4      | Noticed a phantom
  3138 | D:4      | Killed a phantom
  3138 | D:4      | Reached skill level 5 in Shields
  3138 | D:4      | Reached XP level 7. HP: 42/54 MP: 4/7
  3339 | D:5      | Entered Level 5 of the Dungeon
  3419 | D:5      | Noticed Pikel
  3466 | D:5      | Killed Pikel
  3466 | D:5      | Reached XP level 8. HP: 9/61 MP: 2/8
  3834 | D:5      | Reached skill level 5 in Armour
  3958 | D:5      | Reached skill level 5 in Fighting
  3958 | D:5      | Reached skill level 6 in Shields
  4241 | D:5      | Noticed Crazy Yiuf
  4254 | D:5      | Killed Crazy Yiuf
  4706 | D:5      | Found a deep blue altar of Sif Muna.
  4776 | D:6      | Received a gift from Nemelex Xobeh
  4836 | D:6      | Reached skill level 5 in Long Blades
  4860 | D:6      | Noticed Prince Ribbit
  4921 | D:6      | Reached XP level 9. HP: 53/68 MP: 4/9
  5056 | D:6      | Killed Prince Ribbit
  5205 | D:6      | Reached skill level 7 in Shields
  5502 | D:6      | You fall through a shaft!
  5502 | D:7      | Noticed Ijyb
  5526 | D:7      | Killed Ijyb
  5543 | D:7      | Noticed Blork the orc
  5555 | D:7      | Killed Blork the orc
  5709 | D:7      | Received a gift from Nemelex Xobeh
  5729 | D:7      | Noticed Joseph
  5764 | D:7      | Killed Joseph
  6150 | D:7      | Noticed Menkaure
  6163 | D:7      | Killed Menkaure
  6513 | D:7      | Reached XP level 10. HP: 76/76 MP: 11/11
  6518 | D:7      | Reached skill level 8 in Shields
  6518 | D:7      | Reached skill level 1 in Evocations
  6541 | D:8      | Acquired Nemelex Xobeh's first power
  6541 | D:8      | Received a gift from Nemelex Xobeh
  6701 | D:8      | Noticed Gastronok
  6720 | D:8      | Noticed Gastronok
  6720 | D:8      | Gastronok changed into Gastronok the shard shrike
  6721 | D:8      | Annihilated by Gastronok the shard shrike

Action                   |  1- 3 |  4- 6 |  7- 9 | 10-12 || total
-------------------------+-------+-------+-------+-------++-------
Melee: Long sword        |   151 |   239 |   506 |    91 ||   987
Evoke: Deck              |       |     1 |    13 |     2 ||    16
  Use: Scroll            |       |     8 |       |     2 ||    10
       Potion            |       |     2 |     8 |       ||    10
  Eat: Bread ration      |     1 |       |     1 |       ||     2
       Meat ration       |       |     1 |     1 |       ||     2
       Beef jerky        |       |       |     1 |       ||     1
